 Dungeon Crawl Stone Soup version 0.29.1-12-g30fa7ad0bf (webtiles) character file.

Game seed: 12861395289427419534

163 JayGG the Chopper (level 5, -3/45 HPs)
             Began as a Minotaur Berserker on Dec 23, 2022.
             Was a Believer of Trog.
             Slain by Grinder (6 damage)
             ... on level 3 of the Dungeon.
             The game lasted 00:34:35 (3810 turns).

JayGG the Chopper (Minotaur Berserker)              Turns: 3810, Time: 00:34:35

Health: -3/45      AC:  5    Str: 24    XL:     5   Next: 20%
Magic:  4/4        EV: 11    Int:  4    God:    Trog [**....]
Gold:   105        SH:  0    Dex:  9    Spells: 4/4 levels left

rFire   . . .      SeeInvis .   a - +0 hand axe
rCold   . . .      Faith    .   (no shield)
rNeg    . . .      Spirit   .   g - +0 ring mail {rip}
rPois   +          Reflect  .   (helmet restricted)
rElec   .          Harm     .   (no cloak)
rCorr   .          Rampage  .   (no gloves)
Will    .....                   (no boots)
Stlth   ..........              (no amulet)
HPRegen 0.15/turn               n - ring of poison resistance
MPRegen 0.09/turn               (no ring)

@: on berserk cooldown, flying, slowed, very slow
A: horns 2, retaliatory headbutt
a: Renounce Religion, Berserk, Trog's Hand


You were on level 3 of the Dungeon.
You worshipped Trog.
Trog was pleased with you.
You visited 1 branch of the dungeon, and saw 3 of its levels.

You collected 105 gold pieces.

Inventory:

Hand Weapons
 a - a +0 hand axe (weapon)
 d - a +0 dagger of electrocution
Missiles
 e - 17 stones
 o - 3 poisoned darts (quivered)
Armour
 g - a +0 ring mail (worn) {rip}
Jewellery
 n - a ring of poison resistance (left hand)
Scrolls
 b - 3 scrolls of identify
 f - 2 scrolls of blinking {unknown}
 j - a scroll of immolation {unknown}
 m - a scroll of enchant weapon {unknown}
 p - a scroll of fear
Potions
 c - 2 potions of might {unknown}
 h - 2 potions of flight
 i - a potion of mutation {unknown}
 k - 2 potions of curing {unknown}
 l - a potion of berserk rage {unknown}


   Skills:
 - Level 3.6 Fighting
 + Level 7.2 Axes
 - Level 2.4 Armour
 - Level 2.1 Dodging


You had 4 spell levels left.
You didn't know any spells.
Your spell library was empty.

Dungeon Overview and Level Annotations

Branches:
Dungeon (3/15)

Altars:

Shops:
D:1 *

Annotations:
D:3 Grinder


Innate Abilities, Weirdness & Mutations

You have a pair of horns on your head.
You reflexively headbutt those who attack you in melee.


Message History

You are exhausted.
You feel yourself slow down.
You completely miss something. Your headbutt misses something.
Grinder blinks!
You hear some strange, mumbled words.
Something tries to affect you, but you resist.
Something hits you but does no damage.
You feel less confused. Grinder hits you.
Something hits you but does no damage. Grinder hits you.
You writhe in agony.
Something hits you.
You closely miss Grinder.
Grinder is moderately wounded.
You hit something. Trog accepts your kill.
Trog appreciates your killing of a magic user.
Reactivating autopickup.
You feel a bit more experienced. Grinder closely misses you.
You hit Grinder.
Grinder is moderately wounded.
Grinder completely misses you. Grinder gestures at you.
You suddenly lose the ability to move!
Grinder blinks!
You can move again.
Grinder hits you!
* * * LOW HITPOINT WARNING * * *
You writhe in agony.
* * * LOW HITPOINT WARNING * * *
Grinder barely misses you. You furiously retaliate!
You headbutt Grinder, but do no damage. You hit Grinder but do no damage.
Your headbutt misses Grinder.
Grinder is moderately wounded.
Grinder hits you but does no damage.
You hit Grinder but do no damage.
Grinder is moderately wounded.
Grinder hits you but does no damage. Grinder hits you!
* * * LOW HITPOINT WARNING * * *
It was a potion of flight.
You feel very buoyant.
You fly up into the air.
Grinder hits you.
You die...

.#.#.#.#.#.# ......
#.#.#.#.#.#.#.. ...
.#.#.#.#.#.#.#.#..
#.#.#.#.#.#.#+#.### #
.#.#.#.#.#.#......##.#
#.#.#.#.#.#+....?....
.#.#.#.#.#.#......####.#
#.#.#.#.#.#.#.#........#
.#.#.#.#.#.#))).@.######
#.#.#.#.#.#.#...5.+
.#.#.#.#.#.#......#
#.#.#.#<#.#.#........
.#.#.#.#.#.#.#+#+#.#.#
#.#.#.#.#.#.#.# .# # .#
#.###...>#.. .# . .#
####.# .# # .#


You could see Grinder.

Vanquished Creatures
  Jessica (D:2)
  An orc wizard (D:3)
  Robin (D:2)
  5 adders
  2 dart slugs (D:1)
  4 orcs (D:3)
  2 endoplasms
  4 giant cockroaches
  11 goblins
  8 hobgoblins
  4 jackals (D:2)
  6 kobolds
  5 quokkas
  6 bats
  A frilled lizard (D:1)
  6 rats
67 creatures vanquished.

Notes
Turn   | Place    | Note
-------+----------+-------------------------------------------
     0 | D:1      | JayGG the Minotaur Berserker began the quest for the Orb.
     0 | D:1      | Reached XP level 1. HP: 19/19 MP: 0/0
   149 | D:1      | Reached skill level 4 in Axes
   268 | D:1      | Reached XP level 2. HP: 7/26 MP: 1/1
   654 | D:1      | Found Onadd's General Store.
  1135 | D:1      | Reached skill level 5 in Axes
  1500 | D:1      | Found a faded altar of an unknown god.
  1563 | D:1      | Reached XP level 3. HP: 31/31 MP: 2/2
  2512 | D:2      | Noticed Jessica
  2531 | D:2      | Reached ** piety under Trog
  2534 | D:2      | Killed Jessica
  2760 | D:2      | Reached skill level 6 in Axes
  2760 | D:2      | Reached XP level 4. HP: 39/39 MP: 3/3
  2842 | D:2      | Noticed Robin
  2899 | D:2      | Killed Robin
  3245 | D:2      | Reached XP level 5. HP: 41/45 MP: 4/4
  3382 | D:2      | Reached skill level 7 in Axes
  3784 | D:3      | Noticed Grinder
  3803 | D:3      | Paralysed by Grinder for 3 turns
  3810 | D:3      | Slain by Grinder

Illustrated notes

Levels and vault maps discovered:
D:1:      minmay_arrival_stair_chambers, layout_basic, serial_curves,
          eino_curves_01, eino_curves_02,
          hellmonk_ecumenical_altar_defaced_shrine, serial_shops,
          nicolae_shop_stone, st_stairs_5
D:2:      layout_rooms, st_stairs_6, grunt_decor_fettered, uniq_robin,
          uniq_jessica
D:3:      layout_basic, reono_crystal_passage, moated_statue,
          nrook_mini_backslash, uniq_grinder

Skill      XL: |  1  2  3  4  5 |
---------------+----------------+-----
Axes           | 4 5 6 7 |  7.2
Fighting       | |  3.6
Armour         | |  2.4
Dodging        | |  2.1

Action                   |  1- 3 |  4- 6 || total
-------------------------+-------+-------++-------
Melee: Hand axe          |    71 |    59 ||   130
       Headbutt          |    10 |     8 ||    18
Invok: Berserk           |     1 |     1 ||     2
  Use: Scroll            |     2 |       ||     2
       Potion            |       |     1 ||     1
Armor: Ring mail         |    46 |    36 ||    82
       Animal skin       |     1 |       ||     1
Dodge: Dodged            |    67 |    37 ||   104
